 Dungeon Crawl Stone Soup version 0.31-a0-479-g91c9547826 (console) character file.

Game seed: 14447072503456406676

472 Lexodia the Conjurer (level 7, -4/51 HPs)
             Began as a Gnoll Conjurer on Aug 7, 2023.
             Killed from afar by an orc wizard (6 damage)
             ... with a magic dart
             ... on level 4 of the Dungeon.
             The game lasted 00:06:29 (2612 turns).

Lexodia the Conjurer (Gnoll Conjurer)               Turns: 2612, Time: 00:06:30

Health: -4/51      AC:  2    Str:  7    XL:     7   Next: 9%
Magic:  3/15       EV: 13    Int: 19    God:
Gold:   14         SH:  0    Dex: 10    Spells: 4/17 levels left

rFire   + . .        s - +4 hand axe (heavy)
rCold   . . .        (no shield)
rNeg    . . .        a - +0 robe
rPois   .            (no helmet)
rElec   .            (no cloak)
rCorr   .            (no gloves)
SInv    .            (no boots)
Will    .....        m - amulet of regeneration
Stlth   +++          g - ring of flight
HPRegen 1.08/turn    n - ring of protection from fire
MPRegen 0.14/turn

%: no passive effects
@: mighty, flying, very slightly contaminated
A: fangs 1, strong nose, distributed training
a: no special abilities


You were on level 4 of the Dungeon.
You visited 1 branch of the dungeon, and saw 4 of its levels.

You collected 105 gold pieces.
You spent 91 gold pieces at shops.

Inventory:

Hand Weapons
 d - a +0 short sword
 i - a +0 scythe of protection
 s - a +4 heavy hand axe (weapon)
Armour
 a - a +0 robe (worn)
Jewellery
 g - a ring of flight (left hand)
 m - an amulet of regeneration (around neck)
 n - a ring of protection from fire (right hand)
Scrolls
 e - 3 scrolls of identify
 l - a scroll of vulnerability {unknown}
 o - a scroll of noise {unknown}
 q - a scroll of teleportation
 r - a scroll of revelation {unknown}
Potions
 b - a potion of magic
 c - a potion of degeneration {unknown}
 f - a potion of might
 h - 2 potions of curing {unknown}
 j - a potion of heal wounds {unknown}
 k - 2 potions of cancellation {unknown}
 p - a potion of ambrosia {unknown}


   Skills:
 + Level 2.3 Fighting
 + Level 2.3 Short Blades
 + Level 2.3 Long Blades
 + Level 2.3 Axes
 + Level 2.3 Maces & Flails
 + Level 2.3 Polearms
 + Level 2.3 Staves
 + Level 2.3 Ranged Weapons
 + Level 2.3 Throwing
 + Level 2.3 Armour
 + Level 5.1 Dodging
 + Level 4.8 Stealth
 + Level 2.3 Shields
 + Level 2.3 Unarmed Combat
 + Level 5.5 Spellcasting
 + Level 7.4 Conjurations
 + Level 1.9 Hexes
 + Level 1.9 Summonings
 + Level 1.9 Necromancy
 + Level 1.9 Translocations
 + Level 1.9 Transmutations
 + Level 1.9 Fire Magic
 + Level 1.9 Ice Magic
 + Level 1.9 Air Magic
 + Level 1.9 Earth Magic
 + Level 1.9 Poison Magic
 + Level 2.5 Invocations
 + Level 2.3 Evocations
 + Level 1.9 Shapeshifting


You had 4 spell levels left.
You knew the following spells:

 Your Spells              Type           Power      Damage    Failure   Level
a - Magic Dart            Conj           100%       1d8       1%          1
b - Searing Ray           Conj           66%        2d6       1%          2
c - Fulminant Prism       Conj/Hex       11%        3d9       17%         4
e - Momentum Strike       Conj/Tloc      44%        3d9       2%          2
f - Iskenderun's Mystic   Conj/Tloc      22%        2d6       17%         4

Your spell library contained the following spells:

 Spells                   Type           Power      Damage    Failure   Level
 Dazzling Flash           Conj/Hex       44%        N/A       5%          3
 Blink                    Tloc           24%        N/A       9%          2
 Lesser Beckoning         Tloc           24%        N/A       9%          2
 Gell's Gravitas          Tloc           12%        N/A       16%         3
 Ozocubu's Armour         Ice            12%        N/A       16%         3
 Teleport Other           Tloc           12%        N/A       16%         3
 Metabolic Englaciation   Hex/Ice        6%         N/A       83%         5
 Simulacrum               Ice/Necr       6%         N/A       100%        6


Dungeon Overview and Level Annotations

Branches:
Dungeon (4/15)
 Temple: D:4-7

Altars:

Shops:
D:3 ?


Innate Abilities, Weirdness & Mutations

You have very sharp teeth.
Your uncanny sense of smell can sniff out nearby items.
Your experience applies equally to all skills.


Message History

Your fulminant prism crackles loudly.
The jackal misses you.
An orc comes into view. It is wielding a +0 flail.
The orc warrior hits you from afar with a +0 trident!
* * * LOW HITPOINT WARNING * * *
Something hits your fulminant prism.
The jackal bites you but does no damage.
Huge Dmg: -41%(-18hp) hp: 23%(10hp) It was a potion of might.
You feel very mighty all of a sudden. The jackal barely misses you.
The jackal misses you.
Your fulminant prism explodes!
You feel a bit more experienced.
The blast of energy engulfs something!
Reactivating autopickup.
You feel a bit more experienced.
The blast of energy engulfs the orc!
You kill the orc!
The blast of energy engulfs the orc!
You kill the orc!
The blast of energy engulfs the orc warrior!
You kill the orc warrior!
You hear some strange, mumbled words.
A magic dart appears from out of thin air!
Deactivating autopickup; reactivate with Ctrl-A.
The magic dart hits you!
* * * LOW HITPOINT WARNING * * *
The jackal closely misses you.
You have reached level 7!
Huge Dmg: -10%(-5hp) hp: 10%(5hp)
You slash the jackal!
You kill the jackal!
You closely miss the orc. You completely miss the jackal. You miss something.
The jackal bites you but does no damage.
Something hits you.
* * * LOW HITPOINT WARNING * * *
The orc closely misses you. The jackal bites you.
* * * LOW HITPOINT WARNING * * *
You hear some strange, mumbled words.
A magic dart appears from out of thin air!
The magic dart hits you.
You die...

....... ....... ......#
#...... .....## .......
...... .......
>...#####. .......
#.........
.####.####+####.........
................oh..o...
......#.........@†##.∆
.#.#..#.........o{).....
.#.#..#.....^....)).....
.# #..#.#.........))....
.# #..#....#............
.###..##.#.#.###........
†..........#.. .........
...#..####.#............
...#..................


You could see 3 orcs and a jackal.

Vanquished Creatures
  Sigmund (D:2)
  An orc warrior (D:4)
  A hound (D:4)
  Jessica (D:3)
  An orc wizard (D:4)
  Robin (D:3)
  3 adders (D:2)
  3 worms (D:2)
  4 dart slugs
  8 orcs (D:4)
  8 bats
  2 endoplasms
  2 giant cockroaches
  16 goblins
  5 hobgoblins
  3 jackals (D:4)
  6 kobolds
  3 quokkas
  9 ball pythons
  2 frilled lizards (D:2)
  8 rats
88 creatures vanquished.

Vanquished Creatures (others)
  3 fulminant prisms (D:4)
3 creatures vanquished.

Grand Total: 91 creatures vanquished

Notes
Turn   | Place    | Note
-------+----------+-------------------------------------------
     0 | D:1      | Lexodia the Gnoll Conjurer began the quest for the Orb.
     0 | D:1      | Reached XP level 1. HP: 13/13 MP: 6/6
    32 | D:1      | Found a faded altar of an unknown god.
    77 | D:1      | Reached XP level 2. HP: 19/19 MP: 1/7
   192 | D:1      | Huge Dmg: 4 dmg
   365 | D:1      | You fall into a shaft and drop 1 floor!
   378 | D:2      | Reached XP level 3. HP: 25/25 MP: 5/9
   468 | D:1      | Reached skill level 5 in Spellcasting
   605 | D:2      | Learned a level 2 spell: Searing Ray
   660 | D:2      | Reached skill level 1 in Invocations
   741 | D:2      | Noticed Sigmund
   747 | D:2      | Killed Sigmund
   748 | D:2      | Reached skill level 1 in Fighting
   748 | D:2      | Reached skill level 1 in Short Blades
   748 | D:2      | Reached skill level 1 in Long Blades
   748 | D:2      | Reached skill level 1 in Axes
   748 | D:2      | Reached skill level 1 in Maces & Flails
   748 | D:2      | Reached skill level 1 in Polearms
   748 | D:2      | Reached skill level 1 in Staves
   748 | D:2      | Reached skill level 1 in Ranged Weapons
   748 | D:2      | Reached skill level 1 in Throwing
   748 | D:2      | Reached skill level 1 in Armour
   748 | D:2      | Reached skill level 1 in Shields
   748 | D:2      | Reached skill level 1 in Unarmed Combat
   748 | D:2      | Reached skill level 1 in Hexes
   748 | D:2      | Reached skill level 1 in Summonings
   748 | D:2      | Reached skill level 1 in Necromancy
   748 | D:2      | Reached skill level 1 in Translocations
   748 | D:2      | Reached skill level 1 in Transmutations
   748 | D:2      | Reached skill level 1 in Fire Magic
   748 | D:2      | Reached skill level 1 in Ice Magic
   748 | D:2      | Reached skill level 1 in Air Magic
   748 | D:2      | Reached skill level 1 in Earth Magic
   748 | D:2      | Reached skill level 1 in Poison Magic
   748 | D:2      | Reached skill level 1 in Evocations
   748 | D:2      | Reached skill level 1 in Shapeshifting
   748 | D:2      | Reached XP level 4. HP: 28/32 MP: 2/11
   748 | D:2      | Reached XP level 5. HP: 32/37 MP: 2/12
   865 | D:2      | Huge Dmg: 6 dmg
  1207 | D:2      | Learned a level 4 spell: Fulminant Prism
  1212 | D:2      | Learned a level 4 spell: Iskenderun's Mystic Blast
  1215 | D:2      | Learned a level 2 spell: Momentum Strike
  1246 | D:2      | Reached XP level 6. HP: 44/44 MP: 11/13
  1711 | D:3      | Noticed Robin
  1720 | D:3      | Killed Robin
  2242 | D:3      | Reached skill level 5 in Dodging
  2248 | D:3      | Found The Oracle's Delphic Readings.
  2263 | D:3      | Bought a scroll of identify for 26 gold pieces
  2263 | D:3      | Bought a scroll of identify for 26 gold pieces
  2263 | D:3      | Bought a scroll of teleportation for 39 gold pieces
  2273 | D:3      | Noticed Jessica
  2279 | D:3      | Killed Jessica
  2604 | D:4      | Noticed an orc warrior
  2611 | D:4      | Huge Dmg: 18 dmg
  2611 | D:4      | Killed an orc warrior
  2612 | D:4      | Reached XP level 7. HP: 5/51 MP: 2/15
  2612 | D:4      | Huge Dmg: 5 dmg
  2612 | D:4      | HP: 2/51 [jackal (2)]
  2612 | D:4      | Killed from afar by an orc wizard

Illustrated notes

Levels and vault maps discovered:
D:1:      ebering_trefoil_3fold, layout_loops_ring,
          ebering_ecumenical_altar_webs, nrook_mini_backslash
D:2:      layout_basic, uniq_sigmund
D:3:      layout_basic, nicolae_nh_oracle_at_delphi, uniq_jessica, uniq_robin
D:4:      layout_basic, mainiacjoe_overflow_alcove_4, grunt_ministairs_5

Skill      XL: |  1  2  3  4  5  6 |
---------------+-------------------+-----
Spellcasting   | 5 |  5.5
Invocations    | 1 2 |  2.5
Fighting       | 1 2 |  2.3
Short Blades   | 1 2 |  2.3
Long Blades    | 1 2 |  2.3
Axes           | 1 2 |  2.3
Maces & Flails | 1 2 |  2.3
Polearms       | 1 2 |  2.3
Staves         | 1 2 |  2.3
Ranged Weapons | 1 2 |  2.3
Throwing       | 1 2 |  2.3
Armour         | 1 2 |  2.3
Shields        | 1 2 |  2.3
Unarmed Combat | 1 2 |  2.3
Hexes          | 1 |  1.9
Summonings     | 1 |  1.9
Necromancy     | 1 |  1.9
Translocations | 1 |  1.9
Transmutations | 1 |  1.9
Fire Magic     | 1 |  1.9
Ice Magic      | 1 |  1.9
Air Magic      | 1 |  1.9
Earth Magic    | 1 |  1.9
Poison Magic   | 1 |  1.9
Evocations     | 1 2 |  2.3
Shapeshifting  | 1 |  1.9
Dodging        | 5 |  5.1
Stealth        | |  4.8
Conjurations   | |  7.4

Action                     |  1- 3 |  4- 6 |  7- 9 || total
---------------------------+-------+-------+-------++-------
  Melee: Unarmed           |     8 |       |       ||     8
         Bite              |     2 |     4 |       ||     6
         Short sword       |     2 |     2 |       ||     4
         Halberd           |       |    82 |       ||    82
         Hand axe          |       |     4 |     1 ||     5
   Cast: Magic Dart        |    45 |    24 |       ||    69
         Searing Ray       |     3 |     2 |       ||     5
         Fulminant Prism   |       |     3 |       ||     3
    Use: Potion            |       |     1 |       ||     1
   Stab: Sleeping          |     1 |     8 |       ||     9
 Armour: Robe              |     9 |    32 |     1 ||    42
  Dodge: Dodged            |    14 |    79 |     1 ||    94

Table legend: (Time is in decaauts)
 A = Elapsed time spent in this place.
 B = Non-inter-level travel time spent in this place.
 C = Inter-level travel time spent in this place.
 D = Time resting spent in this place.
 E = Time spent auto-exploring this place.
 F = Levels seen in this place.
 G = Mean time per level.
                   A        B        C        D        E       F      G
               +--------+--------+--------+--------+--------+-----+--------+
         Total |   2644 |   2493 |    151 |      0 |   2052 |   4 |  661.0 |
       Dungeon |   2644 |   2493 |    151 |      0 |   2052 |   4 |  661.0 |
               +--------+--------+--------+--------+--------+-----+--------+

Top non-repeatable levels by time:
     D:2: 1256 daAuts
     D:3: 853 daAuts
     D:1: 427 daAuts
     D:4: 107 daAuts
